 Dungeon Crawl Stone Soup version 0.29.0-5-ge4962eb29e (webtiles) character file.

Game seed: 13922023221009891736

11 iguanaiguana the Stinger (level 2, 0/20 HPs)
             Began as a Demigod Venom Mage on Aug 30, 2022.
             Slain by a hobgoblin (4 damage)
             ... on level 1 of the Dungeon.
             The game lasted 00:01:56 (278 turns).

iguanaiguana the Stinger (Demigod Venom Mage)        Turns: 278, Time: 00:01:57

Health: 0/20       AC:  2    Str:  9    XL:     2   Next: 3%
Magic:  4/7        EV: 12    Int: 17    God:
Gold:   38         SH:  0    Dex: 14    Spells: 3/4 levels left

rFire   . . .      SeeInvis .   (no weapon)
rCold   . . .      Faith    .   (no shield)
rNeg    . . .      Spirit   .   a - +0 robe
rPois   .          Reflect  .   (no helmet)
rElec   .          Harm     .   (no cloak)
rCorr   .          Rampage  .   (no gloves)
Will    .....                   (no boots)
Stlth   ++........              (no amulet)
HPRegen 0.06/turn               (no ring)
MPRegen 0.10/turn               (no ring)

@: no status effects
A: high MP 1, forlorn, divine attributes
a: no special abilities


You were on level 1 of the Dungeon.
You visited 1 branch of the dungeon, and saw 1 of its levels.

You collected 38 gold pieces.

Inventory:

Armour
 a - a +0 robe (worn)
Jewellery
 c - a ring of see invisible
Scrolls
 d - a scroll of identify {unknown}


   Skills:
 - Level 1.7 Dodging
 - Level 1.7 Stealth
 - Level 1.7 Spellcasting
 - Level 0.8 Transmutations
 + Level 3.3 Poison Magic


You had 3 spell levels left.
You knew the following spells:

 Your Spells              Type           Power      Damage    Failure   Level
a - Sting                 Tmut/Pois      32%        1d4       9%          1

Your spell library contained the following spells:

 Spells                   Type           Power      Damage    Failure   Level
 Poisonous Vapours        Pois/Air       14%        N/A       16%         2
 Mephitic Cloud           Conj/Pois/Air  5%         N/A       36%         3
 Olgreb's Toxic Radiance  Pois           12%        N/A       45%         4


Dungeon Overview and Level Annotations

Branches:
Dungeon (1/15) Zot: 5721


Innate Abilities, Weirdness & Mutations

You have an increased reservoir of magic. (+10% MP)
You shall have no god before yourself.
Your divine heritage dramatically boosts your attributes as you level up.


Message History

* * * LOW HITPOINT WARNING * * *
a scroll labelled ORGHOYT OTOSU; a ball python corpse
d - a scroll labelled ORGHOYT OTOSU The hobgoblin hits you.
* * * LOW HITPOINT WARNING * * *
Magic courses through your body.
Casting: Sting (safe; 9% risk of failure)
Confirm with . or Enter, or press ? or * to list all spells.
Aiming: Sting (safe; 9% risk of failure)
Press: ? - help, Shift-Dir - straight line, f - hobgoblin
Aim: a hobgoblin (68% to hit)
The sting hits the hobgoblin.
The hobgoblin is poisoned.
The hobgoblin is lightly wounded.
Your magical contamination has completely faded away.
Casting: Sting (safe; 9% risk of failure)
Confirm with . or Enter, or press ? or * to list all spells.
Aiming: Sting (safe; 9% risk of failure)
Press: ? - help, Shift-Dir - straight line, f/p - hobgoblin
Aim: a hobgoblin (heavily wounded, poisoned, 68% to hit)
The sting misses the hobgoblin.
The sting hits the hobgoblin.
The hobgoblin is poisoned.
The hobgoblin is heavily wounded.
Casting: Sting (safe; 9% risk of failure)
Confirm with . or Enter, or press ? or * to list all spells.
Aiming: Sting (safe; 9% risk of failure)
Press: ? - help, Shift-Dir - straight line, f/p - hobgoblin
Aim: a hobgoblin (severely wounded, poisoned, 68% to hit)
The sting misses the hobgoblin.
The sting hits the hobgoblin.
The hobgoblin looks even sicker.
The hobgoblin is almost dead.
Casting: Sting (safe; 9% risk of failure)
Confirm with . or Enter, or press ? or * to list all spells.
Aiming: Sting (safe; 9% risk of failure)
Press: ? - help, Shift-Dir - straight line, f/p - hobgoblin
Aim: a hobgoblin (severely wounded, poisoned, 68% to hit)
The sting misses the hobgoblin.
The sting hits the hobgoblin.
The hobgoblin looks even sicker.
You kill the hobgoblin!
The hobgoblin hits you.
You die...

### ...##. ## # ####
#.#.. #[#.# ...#
#...##.##.# ##.#
##...#@#...#
##.########..##g##...#
.............#†#...#.###
##.#####.####g##........#
#.# #.#!.g#...######.#
#.# #.#!.?#..## #.#
##.#$..#...# #.#
#..####.##..# #.#
#......#l#...#


You could see a hobgoblin (poisoned) and 2 goblins.

Vanquished Creatures
  A giant cockroach (D:1)
  4 hobgoblins (D:1)
  2 jackals (D:1)
  A ball python (D:1)
  3 rats (D:1)
11 creatures vanquished.

Notes
Turn   | Place    | Note
-------+----------+-------------------------------------------
     0 | D:1      | iguanaiguana the Demigod Venom Mage began the quest for the
                  | Orb.
     0 | D:1      | Reached XP level 1. HP: 14/14 MP: 5/5
    47 | D:1      | Reached skill level 3 in Poison Magic
   258 | D:1      | Reached XP level 2. HP: 13/20 MP: 5/7
   278 | D:1      | Slain by a hobgoblin

Illustrated notes

Levels and vault maps discovered:
D:1:      wander_arrival_desolate, layout_loops_ring, minmay_vboxes

Skill      XL: |  1 |
---------------+----+-----
Poison Magic   | 3 |  3.3
Dodging        | |  1.7
Stealth        | |  1.7
Spellcasting   | |  1.7
Transmutations | |  0.8

Action                   || total
-------------------------++-------
Melee: Unarmed           ||     7
 Cast: Sting             ||    18
  Use: Potion            ||     1
Armor: Robe              ||     2
Dodge: Dodged            ||    21
